Workbook
Name _tds1: #REF!
Name _tds1: #REF!
Name _tds2: #REF!
Name _tds2: #REF!
Name AIR.Code001: #REF!
Name AIR.Code001: #REF!
Name AIR.Code002: #REF!
Name AIR.Code002: #REF!
Name AIR.Code003: #REF!
Name AIR.Code003: #REF!
Name AIR.Code004: #REF!
Name AIR.Code004: #REF!
Name AIR.Code005: #REF!
Name AIR.Code005: #REF!
Name AIR.Code006: #REF!
Name AIR.Code006: #REF!
Name AIR.Code007: #REF!
Name AIR.Code007: #REF!
Name AIR.Code008: #REF!
Name AIR.Code008: #REF!
Name AIR.TaxExmpIntInc: #REF!
Name AIR.TaxExmpIntInc: #REF!
Name Bank1: #REF!
Name Bank1: #REF!
Name Bank10: #REF!
Name Bank10: #REF!
Name Bank11: #REF!
Name Bank11: #REF!
Name Bank12: #REF!
Name Bank12: #REF!
Name Bank2: #REF!
Name Bank2: #REF!
Name Bank3: #REF!
Name Bank3: #REF!
Name Bank4: #REF!
Name Bank4: #REF!
Name Bank5: #REF!
Name Bank5: #REF!
Name Bank6: #REF!
Name Bank6: #REF!
Name Bank6PCAR: #REF!
Name Bank6PCAR: #REF!
Name Bank7: #REF!
Name Bank7: #REF!
Name Bank8: #REF!
Name Bank8: #REF!
Name Bank9: #REF!
Name Bank9: #REF!
Name BankAccNo: #REF!
Name BankAccNo: #REF!
Name BankArrear: #REF!
Name BankArrear: #REF!
Name BankArrear0: #REF!
Name BankArrear0: #REF!
Name BankArrear1: #REF!
Name BankArrear1: #REF!
Name BankArrear2: #REF!
Name BankArrear2: #REF!
Name BankArrear3: #REF!
Name BankArrear3: #REF!

Sheet GA-55
C1: USE KRUTIDEV & DEVLYS 10 FONT
D2: ;fn vki 01-01-2004 dks ;k mlds i'pkr fu;qDr dkfeZd gSa rks Drop Down Menu esa ls "Yes" pqusa] vU;Fkk "No" pqusaA | AA2: No | AD2: HRA
D3: D;k vkius lefiZr osru fy;k gS \ | M3: No | O3: ;fn gk¡ rks ftl ekg esa fcy cuk mldk Øekad pqusaA | Y3: 7
D4: D;k vki ofj"B ukxfjd Js.kh ¼60-80 vk;qoxZ½ esa vkrs gS \ | Q4: No | S4: D;k vkius cksul feyk gS \ | AA4: Yes | AD4: 0.08
C6: GOVT SR. SEC SCHOOL DILOD HATHI, ATRU BARAN
C7: INCOME TAX CALCULATION (GA-55) 2021-22
C8: NAME : | D8: PARMANAND MEGHWAL | L8: SR TEACHER | P8: PAN : | Q8: ASQPM6311G | U8: TAN: | V8: AAAAAAAA | AA8: A/C NO. | AC8: 2225617763
N9: WWW.RAJTEACHERS.NET | AA9: MOB NO. | AC9: 9784379510
C10: Month | D10: Basic Pay | E10: Dearness Pay | F10: Leave Pay | G10: Spl. Pay | H10: D.A. | I10: H.R.A. | J10: =IF(U2="No","GPF","Emp. C.Pen.F.") -> Emp. C.Pen.F. | K10: Washing Allow. | L10: ROP (If any, put the value in minus) | M10: Other Allowance 1 | N10: Other Allowance 2 | O10: Gross Salary | P10: =IF(AA2="No","GPF","Emp. C.Pen.F.") -> GPF | Q10: =IF(AB2="No","GPF","Gov. C.Pen.F.") -> Gov. C.Pen.F. | R10: SI | S10: SI LOAN + INT | T10: RPMF | U10: LIC | V10: Group Insurance Accidental | W10: HBA Premium | X10: HBA Interest | Y10: Income Tax / TDS | Z10: GPF 2004 | AA10: HITKARI NIDHI | AB10: Total Deduction | AC10: Net Payment | AD10: Bill No. & T.V. No.
B11: 3 | C11: 44256 | D11: 45100 | E11: 0 | F11: 0 | G11: 0 | H11: =ROUND(17%*D11,0) -> 7667 | I11: =IF($AD$4=16%,ROUND(0.16*D11,0),ROUND(0.08*D11,0)) -> 3608 | J11: =IF($AA$2="Yes",ROUND((D11+H11)*0.1,0),IF($AA$2="No",0)) -> 0 | K11: 0 | L11: 0 | M11: 0 | N11: 0 | O11: =SUM(D11:N11) -> 56375 | P11: =IF($AA$2="Yes",ROUND((D11+H11)*0.1,0),IF($AA$2="No",IF(D11<23101,1450,IF(D11<28501,1625,IF(D11<38501,2100,IF(D11<51501,2850,IF(D11<62001,3575,IF(D11<72001,4200,IF(D11<80001,4800,IF(D11<116001,6150,IF(D11<167001,8900,10500))))))))),0)) -> 2850 | Q11: =IF($AA$2="Yes",ROUND((D11+H11)*0.1,0),IF($AA$2="No",0)) -> 0 | R11: 3000 | S11: 0 | T11: =IF($AA$2="No",IF(D11<18001,219,IF(D11<33501,364,IF(D11<54001,545,725))),0) -> 545 | V11: 0 | Y11: 0 | AB11: =SUM(P11:AA11) -> 6395 | AC11: =O11-AB11 -> 49980
B12: 4 | C12: 44287 | D12: =D11 -> 45100 | E12: =IF(E$11=0,0,ROUND(D12/2,0)) -> 0 | F12: =IF(F$11=0,0,F11) -> 0 | G12: =IF(G$11=0,0,G11) -> 0 | H12: =ROUND(17%*D12,0) -> 7667 | I12: =IF($AD$4=16%,ROUND(0.16*D12,0),ROUND(0.08*D12,0)) -> 3608 | J12: =IF($AA$2="Yes",ROUND((D12+H12)*0.1,0),IF($AA$2="No",0)) -> 0 | K12: =IF(K$11=0,0,K11) -> 0 | L12: =IF(L$11=0,0,L11) -> 0 | M12: =IF(M$11=0,0,M11) -> 0 | N12: =IF(N$11=0,0,N11) -> 0 | O12: =SUM(D12:N12) -> 56375 | P12: =IF($AA$2="Yes",ROUND((D12+H12)*0.1,0),IF($AA$2="No",IF(D12<23101,1450,IF(D12<28501,1625,IF(D12<38501,2100,IF(D12<51501,2850,IF(D12<62001,3575,IF(D12<72001,4200,IF(D12<80001,4800,IF(D12<116001,6150,IF(D12<167001,8900,10500))))))))),0)) -> 2850 | Q12: =IF($AA$2="Yes",ROUND((D12+H12)*0.1,0),IF($AA$2="No",0)) -> 0 | R12: =R11 -> 3000 | S12: =S11 -> 0 | T12: =IF($AA$2="No",IF(D12<18001,242,IF(D12<33501,402,IF(D12<54001,602,800))),0) -> 602 | U12: =U11 -> 0 | V12: 220 | W12: =W11 -> 0 | X12: =X11 -> 0 | Y12: =Y11 -> 0 | Z12: =Z11 -> 0 | AA12: =AA11 -> 0 | AB12: =SUM(P12:AA12) -> 6672 | AC12: =O12-AB12 -> 49703
B13: 5 | C13: 44317 | D13: =D12 -> 45100 | E13: =IF($E$11=0,0,ROUND(D13/2,0)) -> 0 | F13: =IF(F$11=0,0,F12) -> 0 | G13: =IF(G$11=0,0,G12) -> 0 | H13: =ROUND(17%*D13,0) -> 7667 | I13: =IF($AD$4=16%,ROUND(0.16*D13,0),ROUND(0.08*D13,0)) -> 3608 | J13: =IF($AA$2="Yes",ROUND((D13+H13)*0.1,0),IF($AA$2="No",0)) -> 0 | K13: =IF(K$11=0,0,K12) -> 0 | L13: =IF(L$11=0,0,L12) -> 0 | M13: =IF(M$11=0,0,M12) -> 0 | N13: =IF(N$11=0,0,N12) -> 0 | O13: =SUM(D13:N13) -> 56375 | P13: =IF($AA$2="Yes",ROUND((D13+H13)*0.1,0),IF($AA$2="No",IF(D13<23101,1450,IF(D13<28501,1625,IF(D13<38501,2100,IF(D13<51501,2850,IF(D13<62001,3575,IF(D13<72001,4200,IF(D13<80001,4800,IF(D13<116001,6150,IF(D13<167001,8900,10500))))))))),0)) -> 2850 | Q13: =IF($AA$2="Yes",ROUND((D13+H13)*0.1,0),IF($AA$2="No",0)) -> 0 | R13: =R12 -> 3000 | S13: =S12 -> 0 | T13: =IF($AA$2="No",IF(D13<18001,242,IF(D13<33501,402,IF(D13<54001,602,800))),0) -> 602 | U13: =U12 -> 0 | V13: 0 | W13: =W12 -> 0 | X13: =X12 -> 0 | Y13: =Y12 -> 0 | Z13: =Z12 -> 0 | AA13: =AA12 -> 0 | AB13: =SUM(P13:AA13) -> 6452 | AC13: =O13-AB13 -> 49923
B14: 6 | C14: 44348 | D14: =D13 -> 45100 | E14: =IF($E$11=0,0,ROUND(D14/2,0)) -> 0 | F14: =IF(F$11=0,0,F13) -> 0 | G14: =IF(G$11=0,0,G13) -> 0 | H14: =ROUND(17%*D14,0) -> 7667 | I14: =IF($AD$4=16%,ROUND(0.16*D14,0),ROUND(0.08*D14,0)) -> 3608 | J14: =IF($AA$2="Yes",ROUND((D14+H14)*0.1,0),IF($AA$2="No",0)) -> 0 | K14: =IF(K$11=0,0,K13) -> 0 | L14: =IF(L$11=0,0,L13) -> 0 | M14: =IF(M$11=0,0,M13) -> 0 | N14: =IF(N$11=0,0,N13) -> 0 | O14: =SUM(D14:N14) -> 56375 | P14: =IF($AA$2="Yes",ROUND((D14+H14)*0.1,0),IF($AA$2="No",IF(D14<23101,1450,IF(D14<28501,1625,IF(D14<38501,2100,IF(D14<51501,2850,IF(D14<62001,3575,IF(D14<72001,4200,IF(D14<80001,4800,IF(D14<116001,6150,IF(D14<167001,8900,10500))))))))),0)) -> 2850 | Q14: =IF($AA$2="Yes",ROUND((D14+H14)*0.1,0),IF($AA$2="No",0)) -> 0 | R14: =R13 -> 3000 | S14: =S13 -> 0 | T14: =IF($AA$2="No",IF(D14<18001,242,IF(D14<33501,402,IF(D14<54001,602,800))),0) -> 602 | U14: =U13 -> 0 | V14: 0 | W14: =W13 -> 0 | X14: =X13 -> 0 | Y14: =Y13 -> 0 | Z14: =Z13 -> 0 | AA14: =AA13 -> 0 | AB14: =SUM(P14:AA14) -> 6452 | AC14: =O14-AB14 -> 49923
B15: 7 | C15: 44378 | D15: =MROUND(ROUND(1.03*D14,0),100) -> 46500 | E15: =IF($E$11=0,0,ROUND(D15/2,0)) -> 0 | F15: =IF(F$11=0,0,F14) -> 0 | G15: =IF(G$11=0,0,G14) -> 0 | H15: =ROUND(28%*D15,0) -> 13020 | I15: =IF($AD$4=16%,ROUND(0.16*D15,0),ROUND(0.08*D15,0)) -> 3720 | J15: =IF($AA$2="Yes",ROUND((D15+H15)*0.1,0),IF($AA$2="No",0)) -> 0 | K15: =IF(K$11=0,0,K14) -> 0 | L15: =IF(L$11=0,0,L14) -> 0 | M15: =IF(M$11=0,0,M14) -> 0 | N15: =IF(N$11=0,0,N14) -> 0 | O15: =SUM(D15:N15) -> 63240 | P15: =IF($AA$2="Yes",ROUND((D15+H15)*0.1,0),IF($AA$2="No",IF(D15<23101,1450,IF(D15<28501,1625,IF(D15<38501,2100,IF(D15<51501,2850,IF(D15<62001,3575,IF(D15<72001,4200,IF(D15<80001,4800,IF(D15<116001,6150,IF(D15<167001,8900,10500))))))))),0)) -> 2850 | Q15: =IF($AA$2="Yes",ROUND((D15+H15)*0.1,0),IF($AA$2="No",0)) -> 0 | R15: =R14 -> 3000 | S15: =S14 -> 0 | T15: =IF($AA$2="No",IF(D15<18001,242,IF(D15<33501,402,IF(D15<54001,602,800))),0) -> 602 | U15: =U14 -> 0 | V15: 0 | W15: =W14 -> 0 | X15: =X14 -> 0 | Y15: =Y14 -> 0 | Z15: =Z14 -> 0 | AA15: =AA14 -> 0 | AB15: =SUM(P15:AA15) -> 6452 | AC15: =O15-AB15 -> 56788
B16: 8 | C16: 44409 | D16: =D15 -> 46500 | E16: =IF($E$11=0,0,ROUND(D16/2,0)) -> 0 | F16: =IF(F$11=0,0,F15) -> 0 | G16: =IF(G$11=0,0,G15) -> 0 | H16: =ROUND(28%*D16,0) -> 13020 | I16: =IF($AD$4=16%,ROUND(0.18*D16,0),ROUND(0.09*D16,0)) -> 4185 | J16: =IF($AA$2="Yes",ROUND((D16+H16)*0.1,0),IF($AA$2="No",0)) -> 0 | K16: =IF(K$11=0,0,K15) -> 0 | L16: =IF(L$11=0,0,L15) -> 0 | M16: =IF(M$11=0,0,M15) -> 0 | N16: =IF(N$11=0,0,N15) -> 0 | O16: =SUM(D16:N16) -> 63705 | P16: =IF($AA$2="Yes",ROUND((D16+H16)*0.1,0),IF($AA$2="No",IF(D16<23101,1450,IF(D16<28501,1625,IF(D16<38501,2100,IF(D16<51501,2850,IF(D16<62001,3575,IF(D16<72001,4200,IF(D16<80001,4800,IF(D16<116001,6150,IF(D16<167001,8900,10500))))))))),0)) -> 2850 | Q16: =IF($AA$2="Yes",ROUND((D16+H16)*0.1,0),IF($AA$2="No",0)) -> 0 | R16: =R15 -> 3000 | S16: =S15 -> 0 | T16: =IF($AA$2="No",IF(D16<18001,242,IF(D16<33501,402,IF(D16<54001,602,800))),0) -> 602 | U16: =U15 -> 0 | V16: 0 | W16: =W15 -> 0 | X16: =X15 -> 0 | Y16: =Y15 -> 0 | Z16: =Z15 -> 0 | AA16: =AA15 -> 0 | AB16: =SUM(P16:AA16) -> 6452 | AC16: =O16-AB16 -> 57253
B17: 9 | C17: 44440 | D17: =D16 -> 46500 | E17: =IF($E$11=0,0,ROUND(D17/2,0)) -> 0 | F17: =IF(F$11=0,0,F16) -> 0 | G17: =IF(G$11=0,0,G16) -> 0 | H17: =ROUND(28%*D17,0) -> 13020 | I17: =IF($AD$4=16%,ROUND(0.18*D17,0),ROUND(0.09*D17,0)) -> 4185 | J17: =IF($AA$2="Yes",ROUND((D17+H17)*0.1,0),IF($AA$2="No",0)) -> 0 | K17: =IF(K$11=0,0,K16) -> 0 | L17: =IF(L$11=0,0,L16) -> 0 | M17: =IF(M$11=0,0,M16) -> 0 | N17: =IF(N$11=0,0,N16) -> 0 | O17: =SUM(D17:N17) -> 63705 | P17: =IF($AA$2="Yes",ROUND((D17+H17)*0.1,0),IF($AA$2="No",IF(D17<23101,1450,IF(D17<28501,1625,IF(D17<38501,2100,IF(D17<51501,2850,IF(D17<62001,3575,IF(D17<72001,4200,IF(D17<80001,4800,IF(D17<116001,6150,IF(D17<167001,8900,10500))))))))),0)) -> 2850 | Q17: =IF($AA$2="Yes",ROUND((D17+H17)*0.1,0),IF($AA$2="No",0)) -> 0 | R17: =R16 -> 3000 | S17: =S16 -> 0 | T17: =IF($AA$2="No",IF(D17<18001,242,IF(D17<33501,402,IF(D17<54001,602,800))),0) -> 602 | U17: =U16 -> 0 | V17: 0 | W17: =W16 -> 0 | X17: =X16 -> 0 | Y17: =Y16 -> 0 | Z17: =Z16 -> 0 | AA17: =AA16 -> 0 | AB17: =SUM(P17:AA17) -> 6452 | AC17: =O17-AB17 -> 57253
B18: 10 | C18: 44470 | D18: =D17 -> 46500 | E18: =IF($E$11=0,0,ROUND(D18/2,0)) -> 0 | F18: =IF(F$11=0,0,F17) -> 0 | G18: =IF(G$11=0,0,G17) -> 0 | H18: =ROUND(28%*D18,0) -> 13020 | I18: =IF($AD$4=16%,ROUND(0.18*D18,0),ROUND(0.09*D18,0)) -> 4185 | J18: =IF($AA$2="Yes",ROUND((D18+H18)*0.1,0),IF($AA$2="No",0)) -> 0 | K18: =IF(K$11=0,0,K17) -> 0 | L18: =IF(L$11=0,0,L17) -> 0 | M18: =IF(M$11=0,0,M17) -> 0 | N18: =IF(N$11=0,0,N17) -> 0 | O18: =SUM(D18:N18) -> 63705 | P18: =IF($AA$2="Yes",ROUND((D18+H18)*0.1,0),IF($AA$2="No",IF(D18<23101,1450,IF(D18<28501,1625,IF(D18<38501,2100,IF(D18<51501,2850,IF(D18<62001,3575,IF(D18<72001,4200,IF(D18<80001,4800,IF(D18<116001,6150,IF(D18<167001,8900,10500))))))))),0)) -> 2850 | Q18: =IF($AA$2="Yes",ROUND((D18+H18)*0.1,0),IF($AA$2="No",0)) -> 0 | R18: =R17 -> 3000 | S18: =S17 -> 0 | T18: =IF($AA$2="No",IF(D18<18001,242,IF(D18<33501,402,IF(D18<54001,602,800))),0) -> 602 | U18: =U17 -> 0 | V18: 0 | W18: =W17 -> 0 | X18: =X17 -> 0 | Y18: =Y17 -> 0 | Z18: =Z17 -> 0 | AA18: =AA17 -> 0 | AB18: =SUM(P18:AA18) -> 6452 | AC18: =O18-AB18 -> 57253
B19: 11 | C19: 44501 | D19: =D18 -> 46500 | E19: =IF($E$11=0,0,ROUND(D19/2,0)) -> 0 | F19: =IF(F$11=0,0,F18) -> 0 | G19: =IF(G$11=0,0,G18) -> 0 | H19: =ROUND(28%*D19,0) -> 13020 | I19: =IF($AD$4=16%,ROUND(0.18*D19,0),ROUND(0.09*D19,0)) -> 4185 | J19: =IF($AA$2="Yes",ROUND((D19+H19)*0.1,0),IF($AA$2="No",0)) -> 0 | K19: =IF(K$11=0,0,K18) -> 0 | L19: =IF(L$11=0,0,L18) -> 0 | M19: =IF(M$11=0,0,M18) -> 0 | N19: =IF(N$11=0,0,N18) -> 0 | O19: =SUM(D19:N19) -> 63705 | P19: =IF($AA$2="Yes",ROUND((D19+H19)*0.1,0),IF($AA$2="No",IF(D19<23101,1450,IF(D19<28501,1625,IF(D19<38501,2100,IF(D19<51501,2850,IF(D19<62001,3575,IF(D19<72001,4200,IF(D19<80001,4800,IF(D19<116001,6150,IF(D19<167001,8900,10500))))))))),0)) -> 2850 | Q19: =IF($AA$2="Yes",ROUND((D19+H19)*0.1,0),IF($AA$2="No",0)) -> 0 | R19: =R18 -> 3000 | S19: =S18 -> 0 | T19: =IF($AA$2="No",IF(D19<18001,242,IF(D19<33501,402,IF(D19<54001,602,800))),0) -> 602 | U19: =U18 -> 0 | V19: 0 | W19: =W18 -> 0 | X19: =X18 -> 0 | Y19: =Y18 -> 0 | Z19: =Z18 -> 0 | AA19: =AA18 -> 0 | AB19: =SUM(P19:AA19) -> 6452 | AC19: =O19-AB19 -> 57253
B20: 12 | C20: 44531 | D20: =D19 -> 46500 | E20: =IF($E$11=0,0,ROUND(D20/2,0)) -> 0 | F20: =IF(F$11=0,0,F19) -> 0 | G20: =IF(G$11=0,0,G19) -> 0 | H20: =ROUND(28%*D20,0) -> 13020 | I20: =IF($AD$4=16%,ROUND(0.18*D20,0),ROUND(0.09*D20,0)) -> 4185 | J20: =IF($AA$2="Yes",ROUND((D20+H20)*0.1,0),IF($AA$2="No",0)) -> 0 | K20: =IF(K$11=0,0,K19) -> 0 | L20: =IF(L$11=0,0,L19) -> 0 | M20: =IF(M$11=0,0,M19) -> 0 | N20: =IF(N$11=0,0,N19) -> 0 | O20: =SUM(D20:N20) -> 63705 | P20: =IF($AA$2="Yes",ROUND((D20+H20)*0.1,0),IF($AA$2="No",IF(D20<23101,1450,IF(D20<28501,1625,IF(D20<38501,2100,IF(D20<51501,2850,IF(D20<62001,3575,IF(D20<72001,4200,IF(D20<80001,4800,IF(D20<116001,6150,IF(D20<167001,8900,10500))))))))),0)) -> 2850 | Q20: =IF($AA$2="Yes",ROUND((D20+H20)*0.1,0),IF($AA$2="No",0)) -> 0 | R20: =R19 -> 3000 | S20: =S19 -> 0 | T20: =IF($AA$2="No",IF(D20<18001,242,IF(D20<33501,402,IF(D20<54001,602,800))),0) -> 602 | U20: =U19 -> 0 | V20: 0 | W20: =W19 -> 0 | X20: =X19 -> 0 | Y20: =Y19 -> 0 | Z20: =Z19 -> 0 | AA20: 500 | AB20: =SUM(P20:AA20) -> 6952 | AC20: =O20-AB20 -> 56753
B21: 1 | C21: 44562 | D21: =D20 -> 46500 | E21: =IF($E$11=0,0,ROUND(D21/2,0)) -> 0 | F21: =IF(F$11=0,0,F20) -> 0 | G21: =IF(G$11=0,0,G20) -> 0 | H21: =ROUND(28%*D21,0) -> 13020 | I21: =IF($AD$4=16%,ROUND(0.18*D21,0),ROUND(0.09*D21,0)) -> 4185 | J21: =IF($AA$2="Yes",ROUND((D21+H21)*0.1,0),IF($AA$2="No",0)) -> 0 | K21: =IF(K$11=0,0,K20) -> 0 | L21: =IF(L$11=0,0,L20) -> 0 | M21: =IF(M$11=0,0,M20) -> 0 | N21: =IF(N$11=0,0,N20) -> 0 | O21: =SUM(D21:N21) -> 63705 | P21: =IF($AA$2="Yes",ROUND((D21+H21)*0.1,0),IF($AA$2="No",IF(D21<23101,1450,IF(D21<28501,1625,IF(D21<38501,2100,IF(D21<51501,2850,IF(D21<62001,3575,IF(D21<72001,4200,IF(D21<80001,4800,IF(D21<116001,6150,IF(D21<167001,8900,10500))))))))),0)) -> 2850 | Q21: =IF($AA$2="Yes",ROUND((D21+H21)*0.1,0),IF($AA$2="No",0)) -> 0 | R21: =R20 -> 3000 | S21: =S20 -> 0 | T21: =IF($AA$2="No",IF(D21<18001,242,IF(D21<33501,402,IF(D21<54001,602,800))),0) -> 602 | U21: =U20 -> 0 | V21: 0 | W21: =W20 -> 0 | X21: =X20 -> 0 | Y21: =Y20 -> 0 | Z21: =Z20 -> 0 | AB21: =SUM(P21:AA21) -> 6452 | AC21: =O21-AB21 -> 57253
B22: 2 | C22: 44593 | D22: =D21 -> 46500 | E22: =IF($E$11=0,0,ROUND(D22/2,0)) -> 0 | F22: =IF(F$11=0,0,F21) -> 0 | G22: =IF(G$11=0,0,G21) -> 0 | H22: =ROUND(28%*D22,0) -> 13020 | I22: =IF($AD$4=16%,ROUND(0.18*D22,0),ROUND(0.09*D22,0)) -> 4185 | J22: =IF($AA$2="Yes",ROUND((D22+H22)*0.1,0),IF($AA$2="No",0)) -> 0 | K22: =IF(K$11=0,0,K21) -> 0 | L22: =IF(L$11=0,0,L21) -> 0 | M22: =IF(M$11=0,0,M21) -> 0 | N22: =IF(N$11=0,0,N21) -> 0 | O22: =SUM(D22:N22) -> 63705 | P22: =IF($AA$2="Yes",ROUND((D22+H22)*0.1,0),IF($AA$2="No",IF(D22<23101,1450,IF(D22<28501,1625,IF(D22<38501,2100,IF(D22<51501,2850,IF(D22<62001,3575,IF(D22<72001,4200,IF(D22<80001,4800,IF(D22<116001,6150,IF(D22<167001,8900,10500))))))))),0)) -> 2850 | Q22: =IF($AA$2="Yes",ROUND((D22+H22)*0.1,0),IF($AA$2="No",0)) -> 0 | R22: =R21 -> 3000 | S22: =S21 -> 0 | T22: =IF($AA$2="No",IF(D22<18001,242,IF(D22<33501,402,IF(D22<54001,602,800))),0) -> 602 | U22: =U21 -> 0 | V22: 0 | W22: =W21 -> 0 | X22: =X21 -> 0 | Y22: =Y21 -> 0 | Z22: =Z21 -> 0 | AB22: =SUM(P22:AA22) -> 6452 | AC22: =O22-AB22 -> 57253
C23: DA Arrear | H23: =(ROUND(31%*D15,0)-ROUND(28%*D15,0))*3 -> 4185 | J23: =IF($AA$2="Yes",ROUND((ROUND(31%*D15,0)-ROUND(28%*D15,0))*10%,0)*3,IF($AA$2="No",0)) -> 0 | O23: =SUM(D23:N23) -> 4185 | P23: =IF($AA$2="Yes",ROUND((ROUND(31%*D15,0)-ROUND(28%*D15,0))*10%,0)*3,IF($AA$2="No",H23,0)) -> 4185 | Q23: =IF($AA$2="Yes",ROUND((ROUND(31%*D15,0)-ROUND(28%*D15,0))*10%,0)*3,IF($AA$2="No",0)) -> 0 | U23: 0 | Z23: =IF($AA$2="Yes",O23-P23-Q23,IF($AA$2="No",0)) -> 0 | AB23: =SUM(P23:AA23) -> 4185 | AC23: =O23-AB23 -> 0
C24: HRA Arrear | I24: =IF($AD$4=16%,ROUND(0.02*D15,0),ROUND(0.01*D15,0)) -> 465 | O24: =SUM(D24:N24) -> 465 | AB24: =SUM(P24:AA24) -> 0 | AC24: =O24-AB24 -> 465
C25: Surrender | D25: =IF(M3="NO",0,IF(Y3=3,D22,VLOOKUP(Y3,B11:D22,3,FALSE)))/2 -> 0 | H25: =IF(AND(Y3>3,Y3<9),ROUND(17%*D25,0),ROUND(17%*D25,0)) -> 0 | O25: =SUM(D25:N25) -> 0 | AB25: =SUM(P25:AA25) -> 0 | AC25: =O25-AB25 -> 0
C26: Bonus | D26: =IF(AA4="Yes",6774,0) -> 6774 | O26: =SUM(D26:N26) -> 6774 | P26: =IF($AA$2="Yes",0,IF($AA$2="No",D26/2,0)) -> 3387 | Z26: =IF($AA$2="NO",0,IF($AA$2="YES",D26/2,0)) -> 0 | AB26: =SUM(P26:AA26) -> 3387 | AC26: =O26-AB26 -> 3387
C27: Fixation Arrear | O27: =SUM(D27:N27) -> 0 | AB27: =SUM(P27:AA27) -> 0 | AC27: =O27-AB27 -> 0
C28: Salary Arrear 1 | O28: =SUM(D28:N28) -> 0 | AB28: =SUM(P28:AA28) -> 0 | AC28: =O28-AB28 -> 0
C29: Salary Arrear 2 | O29: =SUM(D29:N29) -> 0 | AB29: =SUM(P29:AA29) -> 0 | AC29: =O29-AB29 -> 0
C30: Salary Arrear 3 | O30: =SUM(D30:N30) -> 0 | AB30: =SUM(P30:AA30) -> 0 | AC30: =O30-AB30 -> 0
C31: Other | E31: 0 | F31: 0 | O31: =SUM(D31:N31) -> 0 | AB31: =SUM(P31:AA31) -> 0 | AC31: =O31-AB31 -> 0
C32: TOTAL | D32: =SUM(D11:D31) -> 559174 | E32: =SUM(E11:E31) -> 0 | F32: =SUM(F11:F31) -> 0 | G32: =SUM(G11:G31) -> 0 | H32: =SUM(H11:H31) -> 139013 | I32: =SUM(I11:I31) -> 47912 | K32: =SUM(K11:K31) -> 0 | L32: =SUM(L11:L31) -> 0 | M32: =SUM(M11:M31) -> 0 | N32: =SUM(N11:N31) -> 0 | O32: =SUM(O11:O31) -> 746099 | P32: =SUM(P11:P31) -> 41772 | Q32: =SUM(Q11:Q31) -> 0 | R32: =SUM(R11:R31) -> 36000 | ... AC32: =SUM(AC11:AC31) -> 660440
E37: Signature of Employee | AC37: Signature of DDO

Sheet Other Deduction
A1: osru ds vfrfjDr dVkSfr;k¡] vk;@tek jkf'k ,oa NwV dk fooj.k
A2: ='GA-55'!D8& " , " &'GA-55'!L8&" PAN- "&'GA-55'!Q8 -> PARMANAND MEGHWAL , SR TEACHER PAN- ASQPM6311G
A3: 1- edku fdjk;k HkRrk ¼ NwV tks ysuh gS½ | B3: 0 | D3: 17- cpr [kkrs dh tek jkf'k ij izkIr C;kt (80 TTA/80 TTB) gsrq | E3: 0 | F3: BASIC+D.A. | DR3: UPS Kuhada Khurd
A4: 2- euksjatu Hkrk /kkjk 16 ¼ii½ ds vUrxZr | B4: 0 | D4: 18- vU; vk; ¼,Q Mh ij C;kt] vU; C;kt ;k vU; L=ks+= ls vk; vkfn dk ;ksx½ | E4: 0 | F4: ='GA-55'!O32-'GA-55'!I32 -> 698187
A5: 3- O;o;k; dj /kkjk 16 ¼iii½ ds vUrxrZ | B5: 0 | D5: 19- vU; tek jkf'k ¼/kkjk 80 lh ds vUrxZr½ | E5: 0 | F5: Taxable Amt
A6: 4- x`g lEifr ls izkIr fdjk;k & vk; | B6: 0 | D6: 20- /kkjk 80CCC - isa'ku Iyku gsrq va'knku ¼,u-ih-,l- ds avykok½ | E6: 0 | F6: ='Tax Old Regime'!Q47 -> 618110
A7: 5- x`gdj | B7: 0 | D7: 21- /kkjk 80CCD(1B) -uohu isa'ku ;kstuk esa vfrfjDr va'knku ¼vf/kdre :- 50]000½ | E7: 0 | F7: Tax Deposited
A8: 6- x`g _.k fdLr ewy ¼tks osru ls ugha dkVk x;k½ | B8: 0 | D8: 22- /kkjk 80D - fpfdRlk chek izhfe;e ¼lkekU; 25000] ofj"B ukxfjd 50000½ | E8: 0 | F8: ='GA-55'!Y32 -> 0
A9: 7- x`g _.k fdLr C;kt ¼tks osru ls ugha dkVk x;k½ | B9: 0 | D9: 23- /kkjk 80DD - fodykax vkfJrksa ds fpfdRlk mipkj¼vf/kdre 75000] 80% fodykaxrk 125000½ | E9: 0 | F9: Rebate Under Section 80C, 80CCC, 80CCD(1)
A10: 8- thou chek izhfe;e ¼tks osru ls ugh dkVk x;k½ LIC | B10: 0 | D10: 24- /kkjk 80DDB - fof'k"V jksxksa ds mipkj gsrq dVkSrh ¼lkekU; 40000] ofj"B ukxfjd 1 yk[k½ | E10: 0 | DR10: UPS Banediya Charnan
A11: 9- ih-,y-vkbZ- (PLI) | B11: 0 | D11: 25- /kkjk 80E - mPp f'k{kk gsrq fy, _.k dk C;kt ¼/kkjk 80E½ | E11: 0 | DR11: UPS Laxmipura Dhakaran
A12: 10- V;w'ku Qhl (Tution Fees) | B12: 0 | D12: 26- /kkjk 80G - /kekZFkZ laLFkkvksa vkfn dks fn;s nku ¼d Js.kh 100% ,oa [k Js.kh 50%½ | E12: 0 | F12: ='Tax Old Regime'!Q31 -> 77992 | DR12: UPS Pathraj Kala
A13: 11- ;w- ,y- vkbZ- ih-@okf"kZd Iyku | B13: 0 | D13: 27- /kkjk 80U - LFkkbZ 'kkjhfjd fodykaxrk ¼vf/kdre 75000] 80% fodykaxrk 125000½ | E13: 0
A14: 12- jk"Vªh; cpr i= (NSC) | B14: 0 | D14: 28- /kkjk 80 GGA - vuqeksfnr oSKkfud]lkekftd]xzkeh.k fodkl vkfn gsrq fn;k x;k nku | E14: 0 | F14: edku fdjk;k NwV ds fy, jlhn dh vko';drk | DR14: PS Aarampura
A15: 13- jk"Vªh; cpr i= ij vnr C;kt | B15: 0 | D15: 29- bfDoVh fyad lsfoax Ldhe | E15: 0 | DR15: UPS Laxmipura Dhakaran
A16: 14- yksd Hkfo"; fuf/k (PPF) | B16: 0 | D16: 30- LFkfxr okf"kZdh | E16: 0 | DR16: UPS Raghunathpura
A17: 15- jk"Vªh; cpr Ldhe | B17: 0 | D17: 31- jkgr /kkjk 89 ds rgr | E17: 0 | F17: =IF(B3>=1,(F4*10%+B3),0) -> 0 | DR17: UPS Manda
A18: 16- lqdU;k le`f) ;kstuk (SSY) | B18: 0 | D18: 32- osru fcy ds vykok tek djk;k x;k aavk;dj (TDS) | E18: 0 | DR18: UPS Sandla
A19: ='Tax Old Regime'!B63 -> Income Tax Payable | D19: ='Tax Old Regime'!Q63 -> 37567 | E19: HRA | F19: ='GA-55'!I32 -> 47912 | DR19: UPS Ramsinghpura
A20: ="Total Rebate of (US 80C, 80CCC,80CCD(1)) = "&'Tax Old Regime'!Q31 -> Total Rebate of (US 80C, 80CCC,80CCD(1)) = 77992 | D20: ="Investable Amount = "&(150000-'Tax Old Regime'!Q31) -> Investable Amount = 72008 | DR20: GSS Ganeshganj
A21: WWW.RAJTEACHERS.NET

Sheet Tax Old Regime
B1: ='GA-55'!C6 -> GOVT SR. SEC SCHOOL DILOD HATHI, ATRU BARAN
B2: vk;dj x.kuk izi= o"kZ 2021&2022¼dj fu/kkZj.k o"kZ 2022&2023½
B3: 1 | C3: uke deZpkjh % | E3: ='GA-55'!D8 -> PARMANAND MEGHWAL | K3: in % | L3: ='GA-55'!L8 -> SR TEACHER | O3: PAN : | P3: =IF('GA-55'!Q8="","",'GA-55'!Q8) -> ASQPM6311G
B4: 2 | C4: vk; % o"kZ&2021&22 esa izkIr dqy osru ¼ dj ;ksX; lqfo/kkvksa ds eqY; lfgr ½ | P4: #- | Q4: ='GA-55'!O32 -> 746099
B5: 3 | C5: x`g fdjk;k] /kkjk 10¼13&A½ ds vUrxrZ ,oa /kkjk 10¼14½ds vUrxrZ vU; Hkrs tks dj eqDÙk gSA | P5: #- | Q5: ='Other Deduction'!B3 -> 0
B6: 4 | C6: 'ks"k ¼2&3½ | P6: #- | Q6: =Q4-Q5 -> 746099
B7: 5 | C7: ¼i½euksjatu Hkrk /kkjk 16 ¼ii½ ds vUrxrZ ¼ vf/kdre lhek : 5000 ½ | M7: ='Other Deduction'!B4 -> 0
C8: ¼ii½ O;o;k; dj /kkjk 16 ¼iii½ ds vUrxrZ | M8: ='Other Deduction'!B5 -> 0
C9: ¼iiI½ LVs.MMZ fMMsD'ku (Standard Deduction) 50]000 ¼vf/kdre½ | M9: =IF(Q6<50000,Q6,50000) -> 50000 | P9: #- | Q9: =SUM(M7:O9) -> 50000
B10: 6 | C10: 'ks"k ¼4&5½ | P10: #- | Q10: =Q6-Q9 -> 696099
B11: 7 | C11: ¼v½x`g lEifr ls vk;%¼1½ Loa; ds mi;ksx esa &'kwU; | K11: ¼2½ izkIr fdjk;k #- | M11: ='Other Deduction'!B6 -> 0
C12: ¼c½ ?kVk;sa | E12: fdjk;s dk 30% | H12: x`g _.k ij C;kt | K12: x`gdj | M12: ;ksx 7¼c½
E13: =ROUND(M11*0.3,0) -> 0 | H13: =IF(('GA-55'!X32+'Other Deduction'!B9)>200000,200000,('GA-55'!X32+'Other Deduction'!B9)) -> 0 | K13: ='Other Deduction'!B7 -> 0 | M13: =E13+H13+K13 -> 0
C14: 'ks"k &@$¼7¼v½ ,oa ;ksx 7¼c½ dk½ | P14: #- | Q14: =M11-M13 -> 0
B15: 8 | C15: dqy 'ks"k &@$¼6,oa 7½ | P15: #- | Q15: =Q10+Q14 -> 696099
B16: 9 | C16: vU; vk; | P16: #- | Q16: ='Other Deduction'!E3+'Other Deduction'!E4 -> 0
B17: 10 | C17: ldy vk; ;ksx ¼8$9½ | P17: #- | Q17: =Q15+Q16 -> 696099
B18: 11 | C18: ?kVkb;s dVkSSfr;k¡ %& /kkjk US 80C, 80CCC,80CCD (1)
C19: (A) vf/kdre lhek 1]50]000@& ¼/kkjk 80CCE ½ ] ¼/kkjk 80CCD (2), ds vykok
C20: (i) | D20: jkT; chek ¼SI) | H20: #- | I20: ='GA-55'!R32 -> 36000 | J20: (xi) | K20: ljdkjh isa'ku ;kstuk esa va'knku ECPF vf/kdre osru dk 10%¼/kkjk 80ccd½ | N20: #- | O20: =IF('GA-55'!AA2="Yes",'GA-55'!P32-Q33,0) -> 0
C21: (ii) | D21: thou chek izhfe;e ¼LIC) | H21: #- | I21: ='GA-55'!U32+'Other Deduction'!B10 -> 0 | J21: (xii) | K21: isa'ku Iyku gsrq va'knku¼/kkjk 80ccc½ | N21: #- | O21: ='Other Deduction'!E6 -> 0
C22: (iii) | D22: jk"Vªh; cpr i= ¼NSC) | H22: #- | I22: ='Other Deduction'!B14 -> 0 | J22: (xiii) | K22: jk"Vªh; cpr i= ij vnr C;kt | N22: #- | O22: ='Other Deduction'!B15 -> 0
C23: (iv) | D23: yksd Hkfo"; fuf/k ¼PPF) | H23: #- | I23: ='Other Deduction'!B16 -> 0 | J23: (xiv) | K23: V;w'ku Qhl | N23: #- | O23: ='Other Deduction'!B12 -> 0
C24: (v) | D24: jk"Vªh; cpr Ldhe ¼NSS) | H24: #- | I24: ='Other Deduction'!B17 -> 0 | J24: (xv) | K24: bfDoVh fyad lsfoax Ldhe | N24: #- | O24: ='Other Deduction'!E15 -> 0
C25: (vi) | D25: lkekU; izko/kk;h fuf/k ¼GPF) | H25: #- | I25: =IF('GA-55'!AA2="No",'GA-55'!P32,0) -> 41772 | J25: (xvi) | K25: LFkfxr okf"kZdh ¼Defferred Annuty) | N25: #- | O25: ='Other Deduction'!E16 -> 0
C26: (vii) | D26: lkewfgd chek izhfe;e ¼G.Ins.) | H26: #- | I26: =IF(OR('GA-55'!V12=0,'GA-55'!V12=""),0,220) -> 220 | J26: (xvii) | K26: ih-,y-vkbZ- ¼PLI) | N26: #- | O26: ='Other Deduction'!B11 -> 0
C27: (viii) | D27: ;w- ,y- vkbZ- ih-@okf"kZd Iyku | H27: #- | I27: ='Other Deduction'!B13 -> 0 | J27: (xviii) | K27: vU; tekjkf'k ¼/kkjk 80 lh ds vUrxZr½ | N27: #- | O27: ='Other Deduction'!E5 -> 0
C28: (ix) | D28: x`g _.k fdLr ¼HBA Premium) | H28: #- | I28: ='GA-55'!W32+'Other Deduction'!B8 -> 0 | J28: (xix) | K28: lqdU;k le`f) ;kstuk esa tek jkf'k | N28: #- | O28: ='Other Deduction'!B18 -> 0
C29: (x) | D29: GPF 2004 | H29: #- | I29: =IF('GA-55'!AA2="YES",'GA-55'!Z32,0) -> 0 | J29: (xx) | K29: vU; | N29: #-
C30: ;ksx ( i ls xviii ) | N30: #- | O30: =SUM(I20:I29)+SUM(O20:O29) -> 77992
C31: vf/kdre dVkSrh dh jkf'k 1-50 yk[k #i, rd | P31: #- | Q31: =IF(O30<150001,ROUND(O30,0),150000) -> 77992
C32: (B) ?kVkb;s& /kkjk 80CCD(2) fu;ksDrk }kjk isa'ku va'knku dh jkf'k ¼vf/kdre osru dk 10%) i`Fkd ls NwV | Q32: =IF('GA-55'!AA2="Yes",'GA-55'!P32,0) -> 0
C33: (C) ?kVkb;s & /kkjk 80CCD (1B) uohu isa'ku ;kstuk esa vfrfjDr va'knku ¼vf/kdre :- 50]000) | P33: #- | Q33: ='Other Deduction'!E7 -> 0
C34: ;ksx 11(A+B+C) | P34: #- | Q34: =SUM(Q31:Q33) -> 77992
B35: 12 | C35: vU; dVkSfr;k¡
C36: 1-/kkjk 80 D ,fpfdRlk chek izhfe;e ¼Lo;a]ifr@iRuh o cPpksa ds fy, : 25000] ekrk&firk ds fy, : 25000]lhfu;j flVhtu : 50000½ | P36: #- | Q36: ='Other Deduction'!E8 -> 0
C37: 2- /kkjk 80DD fodykax vkfJrksa ds fpfdRlk mipkj ¼vf/kdre 75]000 rFkk 80% ;k vf/kd fodykaxrk 125]000½ | P37: #- | Q37: ='Other Deduction'!E9 -> 0
C38: 3- /kkjk 80DDB fof'k"V jksaxksa ds mipkj gsrq dVkSrh ¼vf/kdre : 40]000] lhfu;j flVhtu gsrq : 100]000½ | P38: #- | Q38: ='Other Deduction'!E10 -> 0
C39: 4- /kkjk 80E mPp f'k{kk gsrq fy, _.k dk C;kt | P39: #- | Q39: ='Other Deduction'!E11 -> 0
C40: 5- /kkjk 80G /kekZFkZ laLFkkvksa vkfn dks fn;s nku ¼ d Js.kh esa 100 izfr'kr ,oa [k Js.kh esa 50 izfr'kr½ | P40: #- | Q40: ='Other Deduction'!E12 -> 0
C41: 6- /kkjk 80U LFkkbZ :i ls 'kkjhfjd vleFkZrrk dh n'kk esa ¼vf/kdre 75]000 rFkk vf/kfu;e 1995ds vuqlkj 125]000½ | P41: #- | Q41: ='Other Deduction'!E13 -> 0
C42: 7- /kkjk 80 TTA cpr [kkrs ij vf/kdre C;kt :- 10]000 194(IA) (80 TTB - aofj"B ukxfjd vf/kdre C;kt 50000:-½ | P42: #- | Q42: =IF('GA-55'!Q4="Yes",IF('Other Deduction'!E3<50001,'Other Deduction'!E3,50000),IF('Other Deduction'!E3<10001,'Other Deduction'!E3,10000)) -> 0
C43: 8- /kkjk 80 GGA vuqeksfnr oSKkfud] lkekftd] xzkeh.k fodkl vkfn gsrq fn;k x;k nku | P43: #- | Q43: ='Other Deduction'!E14 -> 0
C44: dqy ;ksx 12 ¼ 1 ls 6 rd ½ | P44: #- | Q44: =SUM(Q36:Q43) -> 0
B45: 13 | C45: dqy dVkSrh ( 11 + 12) | P45: #- | Q45: =Q34+Q44 -> 77992
B46: 14 | C46: dj ;ksX; vk; ( 10 - 13 ) | P46: #- | Q46: =(Q17-Q45) -> 618107
B47: 15 | C47: dqy vk; dh jkf'k dks lEiw.kZ djuk ¼ nl ds xq.kd esa ½ /kkjk 288A | P47: #- | Q47: =ROUND(Q46,-1) -> 618110
B48: 16 | C48: vk;dj dh x.kuk mijksDr dkWye 15 ds vk/kkj ij
C49: ,d O;fDr dj nkrk | H49: ofj"B ukxfjd ¼60 ls 80 o"kZ rd½ | L49: 80 o"kZ ;k vf/kd vk;q
C50: 2,50,000 rd | F50: Nil | H50: 3,00,000 rd | K50: Nil | P50: #- | Q50: 0
C51: 2,50,001-5,00,000 | F51: 0.05 | H51: 3,00,001-5,00,000 | K51: 0.05 | L51: 5,00,000 rd | O51: Nil | P51: #- | Q51: =ROUND(IF('GA-55'!Q4="No",IF(Q47<250001,0,IF(Q47>500000,12500,((Q47-250000)*0.05))),IF(Q47<300001,0,IF(Q47>500000,10000,((Q47-300000)*0.05)))),0) -> 12500
C52: 5,00,001-10,00,000 | F52: 0.2 | H52: 5,00,001-10,00,000 | K52: 0.2 | L52: 5,00,001-10,00,000 | O52: 0.2 | P52: #- | Q52: =IF(Q47<500001,0,IF(Q47>1000000,100000,((Q47-500000)*0.2))) -> 23622
C53: 10,00,000 ls vf/kd | F53: 0.3 | H53: 10,00,000 ls vf/kd | K53: 0.3 | L53: 10,00,000 ls vf/kd | O53: 0.3 | P53: #- | Q53: =IF(Q47<1000001,0,((Q47-1000000)*0.3)) -> 0
C54: ¼1½ ;ksx vk;dj | P54: #- | Q54: =SUM(Q50:Q53) -> 36122
C55: ¼2½ NwV ?kkjk 87¼A½ ¼2-50 yk[k ls 5-00 yk[k rd dh dj ;ksX; vk; ij vk;dj dh NwV vf/kdre :- 12500 rd½ | P55: #- | Q55: =IF(Q47>500000,0,IF(Q54<12501,Q54,12500)) -> 0
C56: ¼3½ 'ks"k vk;dj ¼1&2½ | P56: #- | Q56: =Q54-Q55 -> 36122
C57: ¼4½ f'k{kk midj 2% ,oa mPp f'k{kk ds fy, vf/kHkkj 2% (;ksx 4%) | P57: #- | Q57: =ROUND(Q56*0.04,0) -> 1445
C58: dqy vk;dj ¼3$4½ | P58: #- | Q58: =SUM(Q56:Q57) -> 37567
B59: 17 | C59: ?kVkb;s %& jkgr /kkjk 89 ds rgr | P59: #- | Q59: ='Other Deduction'!E17 -> 0
B60: 18 | C60: dqy 'ks"k vk;dj | P60: #- | Q60: =Q58-Q59 -> 37567
B61: 19 | C61: vk;dj dVkSrh dk fooj.k | F61: flrEcj 2021 rd :i;s | J61: fnlEcj 2021 rd :i;s | L61: tuojh 2022 rd :i;s | M61: Qjojh 2022 rd :i;s | O61: Vh-Mh-,l- :Ik;s | P61: ;ksx dkWye 19
F62: =SUM('GA-55'!Y11:Y17) -> 0 | J62: =SUM('GA-55'!Y18:Y20) -> 0 | L62: ='GA-55'!Y21 -> 0 | M62: ='GA-55'!Y22 -> 0 | O62: =SUM('GA-55'!Y23:Y31)+'Other Deduction'!E18 -> 0 | P62: =F62+J62+L62+M62+O62 -> 0
B63: =IF(Q60>P62,"Income Tax Payable",IF(Q60<P62,"Income Tax Refundable","Income Tax Payble/Refundable")) -> Income Tax Payable | P63: #- | Q63: =IF(Q60>P62,Q60-P62,P62-Q60) -> 37567
E65: gLrk{kj dkfeZd

Sheet Tax New Regime
B1: ='GA-55'!C6 -> GOVT SR. SEC SCHOOL DILOD HATHI, ATRU BARAN
B2: vk;dj x.kuk izi= o"kZ 2021&2022¼dj fu/kkZj.k o"kZ 2022&2023½
B3: 1 | C3: uke deZpkjh % | E3: ='GA-55'!D8 -> PARMANAND MEGHWAL | K3: in % | L3: ='GA-55'!L8 -> SR TEACHER | O3: PAN : | P3: =IF('GA-55'!Q8="","",'GA-55'!Q8) -> ASQPM6311G
B4: 2 | C4: vk; % o"kZ&2021&22 esa izkIr dqy osru ¼ dj ;ksX; lqfo/kkvksa ds eqY; lfgr ½ | P4: #- | Q4: ='GA-55'!O32 -> 746099
B5: 3 | C5: x`g fdjk;k] /kkjk 10¼13&A½ ds vUrxrZ ,oa /kkjk 10¼14½ds vUrxrZ vU; Hkrs tks dj eqDÙk gSA | P5: #- | Q5: 0
B6: 4 | C6: 'ks"k ¼2&3½ | P6: #- | Q6: =Q4-Q5 -> 746099
B7: 5 | C7: ¼i½euksjatu Hkrk /kkjk 16 ¼ii½ ds vUrxrZ ¼ vf/kdre lhek : 5000 ½ | M7: ='Other Deduction'!B4 -> 0
C8: ¼ii½ O;o;k; dj /kkjk 16 ¼iii½ ds vUrxrZ | M8: ='Other Deduction'!B5 -> 0
C9: ¼iiI½ LVs.MMZ fMMsD'ku (Standard Deduction) 50]000 ¼vf/kdre½ | M9: 0 | P9: #- | Q9: =SUM(M7:O9) -> 0
B10: 6 | C10: 'ks"k ¼4&5½ | P10: #- | Q10: =Q6-Q9 -> 746099
B11: 7 | C11: ¼v½x`g lEifr ls vk;%¼1½ Loa; ds mi;ksx esa &'kwU; | K11: ¼2½ izkIr fdjk;k #- | M11: 0
C12: ¼c½ ?kVk;sa | E12: fdjk;s dk 30% | H12: x`g _.k ij C;kt | K12: x`gdj | M12: ;ksx 7¼c½
E13: =ROUND(M11*0.3,0) -> 0 | H13: 0 | K13: ='Other Deduction'!B7 -> 0 | M13: =E13+H13+K13 -> 0
C14: 'ks"k &@$¼7¼v½ ,oa ;ksx 7¼c½ dk½ | P14: #- | Q14: =M11-M13 -> 0
B15: 8 | C15: dqy 'ks"k &@$¼6,oa 7½ | P15: #- | Q15: =Q10+Q14 -> 746099
B16: 9 | C16: vU; vk; | P16: #- | Q16: ='Other Deduction'!E3+'Other Deduction'!E4 -> 0
B17: 10 | C17: ldy vk; ;ksx ¼8$9½ | P17: #- | Q17: =Q15+Q16 -> 746099
B18: 11 | C18: ?kVkb;s dVkSSfr;k¡ %& /kkjk US 80C, 80CCC,80CCD (1)
C19: (A) vf/kdre lhek 1]50]000@& ¼/kkjk 80CCE ½ ] ¼/kkjk 80CCD (2), ds vykok
C20: (i) | D20: jkT; chek ¼SI) | H20: #- | I20: ='GA-55'!R32 -> 36000 | J20: (xi) | K20: ljdkjh isa'ku ;kstuk esa va'knku ECPF vf/kdre osru dk 10%¼/kkjk 80ccd½ | N20: #- | O20: =IF('GA-55'!AA2="Yes",'GA-55'!P32-Q33,0) -> 0
C21: (ii) | D21: thou chek izhfe;e ¼LIC) | H21: #- | I21: ='GA-55'!U32+'Other Deduction'!B10 -> 0 | J21: (xii) | K21: isa'ku Iyku gsrq va'knku¼/kkjk 80ccc½ | N21: #- | O21: ='Other Deduction'!E6 -> 0
C22: (iii) | D22: jk"Vªh; cpr i= ¼NSC) | H22: #- | I22: ='Other Deduction'!B14 -> 0 | J22: (xiii) | K22: jk"Vªh; cpr i= ij vnr C;kt | N22: #- | O22: ='Other Deduction'!B15 -> 0
C23: (iv) | D23: yksd Hkfo"; fuf/k ¼PPF) | H23: #- | I23: ='Other Deduction'!B16 -> 0 | J23: (xiv) | K23: V;w'ku Qhl | N23: #- | O23: ='Other Deduction'!B12 -> 0
C24: (v) | D24: jk"Vªh; cpr Ldhe ¼NSS) | H24: #- | I24: ='Other Deduction'!B17 -> 0 | J24: (xv) | K24: bfDoVh fyad lsfoax Ldhe | N24: #- | O24: ='Other Deduction'!E15 -> 0
C25: (vi) | D25: lkekU; izko/kk;h fuf/k ¼GPF) | H25: #- | I25: =IF('GA-55'!AA2="No",'GA-55'!P32,0) -> 41772 | J25: (xvi) | K25: LFkfxr okf"kZdh ¼Defferred Annuty) | N25: #- | O25: ='Other Deduction'!E16 -> 0
C26: (vii) | D26: lkewfgd chek izhfe;e ¼G.Ins.) | H26: #- | I26: =IF(OR('GA-55'!V12=0,'GA-55'!V12=""),0,220) -> 220 | J26: (xvii) | K26: ih-,y-vkbZ- ¼PLI) | N26: #- | O26: ='Other Deduction'!B11 -> 0
C27: (viii) | D27: ;w- ,y- vkbZ- ih-@okf"kZd Iyku | H27: #- | I27: ='Other Deduction'!B13 -> 0 | J27: (xviii) | K27: vU; tekjkf'k ¼/kkjk 80 lh ds vUrxZr½ | N27: #- | O27: ='Other Deduction'!E5 -> 0
C28: (ix) | D28: x`g _.k fdLr ¼HBA Premium) | H28: #- | I28: ='GA-55'!W32+'Other Deduction'!B8 -> 0 | J28: (xix) | K28: lqdU;k le`f) ;kstuk esa tek jkf'k | N28: #- | O28: ='Other Deduction'!B18 -> 0
C29: (x) | D29: GPF 2004 | H29: #- | I29: =IF('GA-55'!AA2="YES",'GA-55'!Z32,0) -> 0 | J29: (xx) | K29: vU; | N29: #-
C30: ;ksx ( i ls xviii ) | N30: #- | O30: =SUM(I20:I29)+SUM(O20:O29) -> 77992
C31: vf/kdre dVkSrh dh jkf'k 1-50 yk[k #i, rd | P31: #- | Q31: 0
C32: (B) ?kVkb;s& /kkjk 80CCD(2) fu;ksDrk }kjk isa'ku va'knku dh jkf'k ¼vf/kdre osru dk 10%) i`Fkd ls NwV | Q32: =IF('GA-55'!AA2="Yes",'GA-55'!P32,0) -> 0
C33: (C) ?kVkb;s & /kkjk 80CCD (1B) uohu isa'ku ;kstuk esa vfrfjDr va'knku ¼vf/kdre :- 50]000) | P33: #- | Q33: ='Other Deduction'!E7 -> 0
C34: ;ksx 11(A+B+C) | P34: #- | Q34: =SUM(Q31:Q33) -> 0
B35: 12 | C35: vU; dVkSfr;k¡
C36: 1-/kkjk 80 D ,fpfdRlk chek izhfe;e ¼Lo;a]ifr@iRuh o cPpksa ds fy, : 25000] ekrk&firk ds fy, : 25000]lhfu;j flVhtu : 50000½ | P36: #- | Q36: ='Other Deduction'!E8 -> 0
C37: 2- /kkjk 80DD fodykax vkfJrksa ds fpfdRlk mipkj ¼vf/kdre 75]000 rFkk 80% ;k vf/kd fodykaxrk 125]000½ | P37: #- | Q37: ='Other Deduction'!E9 -> 0
C38: 3- /kkjk 80DDB fof'k"V jksaxksa ds mipkj gsrq dVkSrh ¼vf/kdre : 40]000] lhfu;j flVhtu gsrq : 100]000½ | P38: #- | Q38: ='Other Deduction'!E10 -> 0
C39: 4- /kkjk 80E mPp f'k{kk gsrq fy, _.k dk C;kt | P39: #- | Q39: ='Other Deduction'!E11 -> 0
C40: 5- /kkjk 80G /kekZFkZ laLFkkvksa vkfn dks fn;s nku ¼ d Js.kh esa 100 izfr'kr ,oa [k Js.kh esa 50 izfr'kr½ | P40: #- | Q40: ='Other Deduction'!E12 -> 0
C41: 6- /kkjk 80U LFkkbZ :i ls 'kkjhfjd vleFkZrrk dh n'kk esa ¼vf/kdre 75]000 rFkk vf/kfu;e 1995ds vuqlkj 125]000½ | P41: #- | Q41: ='Other Deduction'!E13 -> 0
C42: 7- /kkjk 80 TTA cpr [kkrs ij vf/kdre C;kt :- 10]000 194(IA) (80 TTB - aofj"B ukxfjd vf/kdre C;kt 50000:-½ | P42: #- | Q42: =IF('GA-55'!Q4="Yes",IF('Other Deduction'!E3<50001,'Other Deduction'!E3,50000),IF('Other Deduction'!E3<10001,'Other Deduction'!E3,10000)) -> 0
C43: 8- /kkjk 80 GGA vuqeksfnr oSKkfud] lkekftd] xzkeh.k fodkl vkfn gsrq fn;k x;k nku | P43: #- | Q43: ='Other Deduction'!E14 -> 0
C44: dqy ;ksx 12 ¼ 1 ls 6 rd ½ | P44: #- | Q44: =SUM(Q36:Q43) -> 0
B45: 13 | C45: dqy dVkSrh ( 11 + 12) | P45: #- | Q45: =Q34+Q44 -> 0
B46: 14 | C46: dj ;ksX; vk; ( 10 - 13 ) | P46: #- | Q46: =(Q17-Q45) -> 746099
B47: 15 | C47: dqy vk; dh jkf'k dks lEiw.kZ djuk ¼ nl ds xq.kd esa ½ /kkjk 288A | P47: #- | Q47: =ROUND(Q46,-1) -> 746100
B48: 16 | C48: vk;dj dh x.kuk mijksDr dkWye 15 ds vk/kkj ij
C49: ,d O;fDr dj nkrk | H49: ofj"B ukxfjd ¼60 ls 80 o"kZ rd½ | L49: 80 o"kZ ;k vf/kd vk;q
C50: 2,50,000 rd | F50: Nil | H50: 3,00,000 rd | K50: Nil | L50: 3,00,000 rd | O50: Nil | P50: #- | Q50: 0
C51: 2,50,001-5,00,000 | F51: 0.05 | H51: 2,50,001-5,00,000 | K51: 0.05 | L51: 5,00,000 rd | O51: 0.05 | P51: #- | Q51: =ROUND(IF('GA-55'!Q4="No",IF(Q47<250001,0,IF(Q47>500000,12500,((Q47-250000)*0.05))),IF(Q47<300001,0,IF(Q47>500000,10000,((Q47-300000)*0.05)))),0) -> 12500
C52: 5,00,001-7,50,000 | F52: 0.1 | H52: 5,00,001-7,50,000 | K52: 0.1 | L52: 5,00,001-7,50,000 | O52: 0.1 | P52: #- | Q52: =IF(Q47<500001,0,IF(Q47>750000,25000,((Q47-500000)*0.1))) -> 24610
C53: 7,50,001-10,00,000 | F53: 0.15 | H53: 7,50,001-10,00,000 | K53: 0.15 | L53: 7,50,001-10,00,000 | O53: 0.15 | Q53: =IF(Q47<750001,0,IF(Q47>1000000,37500,((Q47-750000)*0.15))) -> 0
C54: 10,00,001-12,50,000 | F54: 0.2 | H54: 10,00,001-12,50,000 | K54: 0.2 | L54: 10,00,001-12,50,000 | O54: 0.2 | Q54: =IF(Q47<1000001,0,IF(Q47>1250000,50000,((Q47-1000000)*0.2))) -> 0
C55: 12,50,001-15,00.000 | F55: 0.25 | H55: 12,50,001-15,00.000 | K55: 0.25 | L55: 12,50,001-15,00.000 | O55: 0.25 | Q55: =IF(Q47<1250001,0,IF(Q47>1500000,62500,((Q47-1250000)*0.25))) -> 0
C56: 15,00,001 ls vf/kd | F56: 0.3 | H56: 15,00,001 ls vf/kd | K56: 0.3 | L56: 15,00,001 ls vf/kd | O56: 0.3 | P56: #- | Q56: =IF(Q47<1500001,0,((Q47-1500000)*0.3)) -> 0
C57: ¼1½ ;ksx vk;dj | P57: #- | Q57: =SUM(Q50:Q56) -> 37110
C58: ¼2½ NwV ?kkjk 87¼A½ ¼2-50 yk[k ls 5-00 yk[k rd dh dj ;ksX; vk; ij vk;dj dh NwV vf/kdre :- 12500 rd½ | P58: #- | Q58: =IF(Q47>500000,0,IF(Q57<12501,Q57,12500)) -> 0
C59: ¼3½ 'ks"k vk;dj ¼1&2½ | P59: #- | Q59: =Q57-Q58 -> 37110
C60: ¼4½ f'k{kk midj 2% ,oa mPp f'k{kk ds fy, vf/kHkkj 2% (;ksx 4%) | P60: #- | Q60: =ROUND(Q59*0.04,0) -> 1484
C61: dqy vk;dj ¼3$4½ | P61: #- | Q61: =SUM(Q59:Q60) -> 38594
B62: 17 | C62: ?kVkb;s %& jkgr /kkjk 89 ds rgr | P62: #- | Q62: ='Other Deduction'!E17 -> 0
B63: 18 | C63: dqy 'ks"k vk;dj | P63: #- | Q63: =Q61-Q62 -> 38594
B64: 19 | C64: vk;dj dVkSrh dk fooj.k | F64: flrEcj 2021 rd :i;s | J64: fnlEcj 2021 rd :i;s | L64: tuojh 2022 rd :i;s | M64: Qjojh 2022 rd :i;s | O64: Vh-Mh-,l- :Ik;s | P64: ;ksx dkWye 19
F65: =SUM('GA-55'!Y11:Y17) -> 0 | J65: =SUM('GA-55'!Y18:Y20) -> 0 | L65: ='GA-55'!Y21 -> 0 | M65: ='GA-55'!Y22 -> 0 | O65: =SUM('GA-55'!Y23:Y31)+'Other Deduction'!E18 -> 0 | P65: =F65+J65+L65+M65+O65 -> 0
B66: =IF(Q63>P65,"Income Tax Payable",IF(Q63<P65,"Income Tax Refundable","Income Tax Payble/Refundable")) -> Income Tax Payable | P66: #- | Q66: =IF(Q63>P65,Q63-P65,P65-Q63) -> 38594
E68: gLrk{kj dkfeZd
